 Dungeon Crawl Stone Soup version 0.17.1-1-g73c8601 (webtiles) character file.

653 JustSomeDude the Insei (level 7, -1/55 HPs)
             Began as a Demonspawn Monk on Dec 24, 2015.
             Slain by an orc wizard
             ... wielding a +4 dagger of distortion
              (19 damage)
             ... on level 4 of the Dungeon.
             The game lasted 00:10:37 (4196 turns).

JustSomeDude the Insei (Demonspawn Monk)            Turns: 4196, Time: 00:10:38

Health: -1/55      AC: 11    Str: 12    XL:     7   Next: 29%
Magic:  7/7        EV: 13    Int: 11    God:
Gold:   164        SH:  0    Dex: 17    Spells: 0 memorised, 6 levels left

rFire  . . .     SeeInvis .       - Unarmed
rCold  . . .     Clarity  .     z - +0 ring mail
rNeg   . . .     SustAt   .     (no shield)
rPois  .         Gourm    .     (no helmet)
rElec  .         Spirit   .     (no cloak)
rCorr  .         Warding  .     (no gloves)
rMut   .         Stasis   .     (no boots)
MR     .....                    (no amulet)
Stlth  ++........               (no ring)
                                (no ring)

@: not resistant to hostile enchantments, unstealthy
A: claws 1, iridescent scales 2, demonic guardian 1
a: no special abilities


You were on level 4 of the Dungeon.
You were not hungry.

You visited 1 branch of the dungeon, and saw 4 of its levels.

You collected 164 gold pieces.

Inventory:

Hand Weapons
 o - a +0 blowgun
Missiles
 l - 17 poisoned sling bullets
 t - 2 poisoned needles
 w - 5 tomahawks (quivered)
Armour
 z - a +0 ring mail (worn)
Scrolls
 a - 2 scrolls of noise {unknown}
 c - a scroll of fog
 d - 2 scrolls of random uselessness
 e - 3 scrolls of fear
 f - a scroll of teleportation {unknown}
 i - 8 scrolls of identify
 y - a scroll of recharging {unknown}
Potions
 g - a potion of lignification
 h - 3 potions of haste {unknown}
 j - 2 potions of curing {unknown}
 k - a potion of flight {unknown}
 m - 2 potions of poison {unknown}
 v - a potion of heal wounds {unknown}
Books
 q - Vehumet's Compendium of Confrontation
   (You found it on level 3 of the Dungeon)

   Spells                             Type                      Level
   a - Magic Dart                     Conjuration                  1
 r - Sif Muna's Reference Book on Dislocation
   (You found it on level 3 of the Dungeon)

   Spells                             Type                      Level
   a - Apportation                    Translocation                1
 s - Kikubaaqudgha's Catalogue of Unholy Arts
   (You found it on level 3 of the Dungeon)

   Spells                             Type                      Level
   a - Pain                           Necromancy                   1
Comestibles
 b - a bread ration
 n - a beef jerky
 p - a slice of pizza
 u - a meat ration


   Skills:
 + Level 4.4 Fighting
 + Level 0.5 Throwing
 + Level 1.8 Armour
 + Level 4.9 Dodging
 + Level 2.6 Stealth
 + Level 5.4 Unarmed Combat


You had 6 spell levels left.
You didn't know any spells.

Dungeon Overview and Level Annotations

Branches:
Dungeon (4/15)
 Temple: D:4-7

Altars:
Ashenzari
Fedhas
Kikubaaqudgha
Nemelex Xobeh
Sif Muna
Trog
Vehumet
Xom
Yredelemnul

Shops:
D:4 :(*

Annotations:
D:2 exclusion: oklob plant


Innate Abilities, Weirdness & Mutations

You have sharp fingernails.
You are mostly covered in iridescent scales (AC +6).
A weak demonic guardian rushes to your aid.


Message History

The orc priest is moderately wounded.
The orc priest miscasts a cantrip.
Things that are here:
a trident; a scale mail; an orc corpse You claw the orc priest!
The orc priest is severely wounded.
The orc priest looks more healthy.
The orc priest calls down the wrath of Beogh upon you.
Something smites you!
Your quasit misses the orc priest.
Your quasit claws the orc priest.
Your quasit closely misses the orc priest.
You scratch the orc priest.
You kill the orc priest!
You start resting.
Your quasit disappears in a puff of smoke!
Things that are here:
a trident; a scale mail; an orc corpse The orc wizard hits you but does no damage.
Space warps horribly around you!
You die...

..# #.### ....# #(#.#
#.#.# # #(#.# #.#(#.#
.####.#@.∩# ......o)..#
.###.##5### # #.# ###
#.# .....##.#
........#### ##########
.#######...####.........
#.#......####.##.


You could see an orc wizard and a friendly ufetubus.

Vanquished Creatures
  A phantom (D:4)
  2 ogres (D:4)
  The ghost of Charly the Sneak, an amateur OpAs (D:3)
  A hound (D:4)
  2 orc priests
  An orc wizard (D:4)
  3 worker ants (D:4)
  6 adders
  An ooze (D:3)
  A worm (D:2)
  2 adder skeletons (D:4)
  2 giant geckos
  9 orcs
  2 giant cockroaches (D:2)
  5 goblins
  5 hobgoblins
  6 jackals
  2 quokkas
  A ball python (D:3)
  5 bats
  2 giant newts
  10 kobolds
  5 rats
75 creatures vanquished.

Vanquished Creatures (others)
  A plant (D:1)
  19 toadstools (D:2)
20 creatures vanquished.

Grand Total: 95 creatures vanquished

Notes
Turn   | Place    | Note
--------------------------------------------------------------
     0 | D:1      | JustSomeDude the Demonspawn Monk began the quest for the Orb.
     0 | D:1      | Reached XP level 1. HP: 18/18 MP: 1/1
   339 | D:1      | Gained mutation: You have sharp fingernails. [demonic ancestry]
   339 | D:1      | Reached XP level 2. HP: 21/24 MP: 2/2
  1036 | D:2      | Reached skill level 4 in Unarmed Combat
  1058 | D:2      | Gained mutation: You are partially covered in iridescent scales (AC +4). [demonic ancestry]
  1058 | D:2      | Reached XP level 3. HP: 12/29 MP: 3/3
  1083 | D:2      | Found a blossoming altar of Fedhas.
  1095 | D:2      | Noticed an oklob plant
  1881 | D:3      | Reached XP level 4. HP: 27/35 MP: 4/4
  2587 | D:3      | Noticed Charly's ghost (amateur OpAs)
  2604 | D:3      | Killed Charly's ghost
  2604 | D:3      | Reached XP level 5. HP: 33/41 MP: 5/5
  3053 | D:3      | Found an ancient bone altar of Kikubaaqudgha.
  3055 | D:3      | Found a deep blue altar of Sif Muna.
  3055 | D:3      | Found a radiant altar of Vehumet.
  3060 | D:3      | Identified Vehumet's Compendium of Confrontation
  3069 | D:3      | Identified Sif Muna's Reference Book on Dislocation
  3077 | D:3      | Identified Kikubaaqudgha's Catalogue of Unholy Arts
  3146 | D:3      | Found a shattered altar of Ashenzari.
  3217 | D:3      | Found a basalt altar of Yredelemnul.
  3217 | D:3      | Found a bloodstained altar of Trog.
  3375 | D:4      | Gained mutation: You are mostly covered in iridescent scales (AC +6). [demonic ancestry]
  3375 | D:4      | Reached XP level 6. HP: 27/48 MP: 6/6
  3583 | D:4      | Noticed an ogre
  3596 | D:4      | Killed an ogre
  3596 | D:4      | Reached skill level 1 in Armour
  3596 | D:4      | Reached skill level 5 in Unarmed Combat
  3618 | D:4      | Found Uthrip's Book Shop.
  3618 | D:4      | Noticed an ogre
  3626 | D:4      | Killed an ogre
  3949 | D:4      | Found Notuwkir's Assorted Antiques.
  4021 | D:4      | Gained mutation: A weak demonic guardian rushes to your aid. [demonic ancestry]
  4021 | D:4      | Reached XP level 7. HP: 48/54 MP: 7/7
  4057 | D:4      | Found a shimmering altar of Xom.
  4057 | D:4      | Found a sparkling altar of Nemelex Xobeh.
  4091 | D:4      | Noticed a phantom
  4113 | D:4      | Killed a phantom
  4178 | D:4      | Found Ixaezies's Antique Weapon Emporium.
  4196 | D:4      | Slain by an orc wizard

Action                   |  1- 3 |  4- 6 |  7- 9 || total
-------------------------+-------+-------+-------++-------
Melee: Unarmed           |    81 |   209 |    17 ||   307
 Fire: Blowgun           |       |     5 |     7 ||    12
Throw: Tomahawk          |       |     1 |       ||     1
  Use: Scroll            |       |     6 |       ||     6
 Stab: Sleeping          |     5 |       |     1 ||     6
       Distracted        |       |     1 |     1 ||     2
  Eat: Bread ration      |     2 |     1 |       ||     3
